 Dungeon Crawl Stone Soup version 0.30.1 (webtiles) character file.

Game seed: 14385331264587760743

13234 cowcol the Severer (level 11, -22/99 HPs)
             Began as a Minotaur Fighter on July 7, 2023.
             Was a High Priest of Okawaru.
             Annihilated by Rupert
             ... wielding a +0 battleaxe of distortion
              (38 damage)
             ... on level 12 of the Dungeon on July 8, 2023.
             The game lasted 00:39:09 (15235 turns).

cowcol the Severer (Minotaur Fighter)              Turns: 15235, Time: 00:39:09

Health: -22/99     AC: 33    Str: 22    XL:     11   Next: 72%
Magic:  3/3        EV:  7    Int: 13    God:    Okawaru [*****.]
Gold:   736        SH:  0    Dex: 14    Spells: 10/10 levels left

rFire   . . .        W - +2 battleaxe of Zoir {antimagic, Dex+3}
rCold   + + +        (shield currently unavailable)
rNeg    . . .        Y - +11 plate armour "Delehufuu" {rC+++ Will- Int+4 Stlth-}
rPois   .            (helmet unavailable)
rElec   .            S - +0 cloak
rCorr   .            e - +2 pair of gloves
SInv    .            z - +1 pair of boots
Will    .....        L - amulet of the acrobat Stlth
                     K - ring of willpower
HPRegen 0.36/turn    R - +4 ring of slaying
MPRegen 0.08/turn

%: acrobat
@: silenced
A: horns 3, retaliatory headbutt, clever 1, MP-powered wands
a: Renounce Religion


You were on level 12 of the Dungeon.
You worshipped Okawaru.
Okawaru was extremely pleased with you.
You visited 2 branches of the dungeon, and saw 13 of its levels.
You also visited: Ossuary and Bailey.

You collected 736 gold pieces.

Inventory:

Hand Weapons
 a - a +0 war axe
 m - the +6 war axe of the Ship {heavy, rElec Int+2 Dex-2}
   (You acquired it on level 5 of the Dungeon)

   Int:       It affects your intelligence (+2).
   Dex:       It affects your dexterity (-2).
   rElec:     It insulates you from electricity.
 V - a +1 scimitar of flaming
 W - the +2 battleaxe of Zoir (weapon) {antimagic, Dex+3}
   (Okawaru gifted it to you on level 11 of the Dungeon)

   Dex:       It affects your dexterity (+3).
Missiles
 j - 14 poisoned darts (quivered)
 E - 8 boomerangs
 F - 3 datura-tipped darts
Armour
 b - a +0 scale mail
 c - a +0 buckler
 e - a +2 pair of gloves (worn)
 o - a scarf of shadows
 q - a +0 kite shield
 r - a +0 chain mail
 y - a +0 plate armour
 z - a +1 pair of boots (worn)
 S - a +0 cloak (worn)
 Y - the +11 plate armour "Delehufuu" (worn) {rC+++ Will- Int+4 Stlth-}
   (You found it on level 11 of the Dungeon)

   Int:       It affects your intelligence (+4).
   rC:        It renders you almost immune to cold.
   Will:      It decreases your willpower.
   Stlth:     It makes you less stealthy.
Jewellery
 f - a ring of protection from fire
 i - an amulet of magic regeneration
 t - a +6 ring of intelligence
 G - a ring of poison resistance
 K - a ring of willpower (left hand)
 L - an amulet of the acrobat (around neck)
 Q - a +6 ring of dexterity
 R - a +4 ring of slaying (right hand)
 X - a ring of protection from cold
Wands
 J - a wand of roots (14)
 O - a wand of acid (8)
 P - a wand of mindburst (9)
 Z - a wand of digging (5)
Scrolls
 k - 13 scrolls of teleportation
 u - 6 scrolls of fog
 x - a scroll of silence
 B - 3 scrolls of immolation
 H - 2 scrolls of fear
 N - a scroll of magic mapping
 T - 7 scrolls of identify
 U - 2 scrolls of amnesia
Potions
 d - 3 potions of might
 h - 4 potions of mutation
 l - 2 potions of berserk rage
 n - 2 potions of cancellation {unknown}
 p - a potion of brilliance
 s - a potion of resistance {unknown}
 v - 2 potions of invisibility {unknown}
 w - 5 potions of magic
 A - 4 potions of haste
 C - 9 potions of curing
 D - 4 potions of flight {unknown}
 M - 3 potions of heal wounds {unknown}


   Skills:
 + Level 9.8 Fighting
 * Level 17.3 Axes
 - Level 1.0 Throwing
 + Level 11.4 Armour
 - Level 4.0 Shields


You had 10 spell levels left.
You didn't know any spells.
Your spell library contained the following spells:

 Spells                   Type           Power      Damage    Failure   Level
 Apportation              Tloc           0%         N/A       98%         1
 Necrotise                Necr           0%         1d4       98%         1
 Hailstorm                Conj/Ice       0%         3d3       100%        3
 Vhi's Electric Charge    Tloc/Air       0%         N/A       100%        3
 Ice Form                 Ice/Tmut       0%         N/A       100%        4
 Arcjolt                  Conj/Air       0%         1d10      100%        5
 Plasma Beam              Fire/Air       0%         2x1d11    100%        6
 Summon Small Mammal      Summ           Unusable   N/A       N/A         1
 Simulacrum               Ice/Necr       Unusable   N/A       N/A         6

Dungeon Overview and Level Annotations

Branches:
Dungeon (12/15)            Temple (1/1) D:7            Lair (0/5) D:10
    Orc (0/2) D:10        Ossuary (visited)          Bailey (visited)

Altars:
Ashenzari
Cheibriados
Dithmenos
Elyvilon
Fedhas
Gozag
Hepliaklqana
Kikubaaqudgha
Makhleb
Nemelex Xobeh
Okawaru
Qazlal
Ru
Sif Muna
Trog
Uskayaw
Vehumet
Wu Jian
Xom
Yredelemnul
Zin
The Shining One

Shops:
D:3 :

Annotations:
D:12 Rupert


Innate Abilities, Weirdness & Mutations

You have a pair of large horns on your head.
You reflexively headbutt those who attack you in melee.
Your mind is acute. (Int +4, Str/Dex -1)
You expend magic power (3 MP) to strengthen your wands.


Message History

Rupert shouts!
Throw: 15 darts (poison)
Press: ? - help, Q - select action, (/) - cycle Shift-Dir - straight line, f - Rupert
Aim: Rupert, wielding a +0 battleaxe of distortion and wearing a +0 leather armour (67% to hit)
You throw a poisoned dart. The poisoned dart hits Rupert.
Rupert is poisoned.
Rupert roars madly and goes into a rage!
Rupert goes berserk!
As you read the scroll of silence, it crumbles to dust.
A profound silence engulfs you.
Rupert rages.
Rupert hits you with a +0 battleaxe of distortion!!
Space warps around you. Rupert closely misses you. You furiously retaliate!
You headbutt Rupert!!
You see here a curare-tipped dart.
You completely miss Rupert.
Rupert is lightly wounded.
Rupert hits you but does no damage. Space warps around you.
You closely miss Rupert. You headbutt Rupert.
Rupert is lightly wounded.
Rupert hits you but does no damage.
You blink.
Rupert misses you. You furiously retaliate!
You headbutt Rupert!
Okay, then.
You slice Rupert!! You headbutt Rupert!
Rupert is moderately wounded.
Rupert hits you with a +0 battleaxe of distortion!
You slash Rupert!
Rupert is heavily wounded.
Rupert hits you with a +0 battleaxe of distortion.
You hit Rupert. Your headbutt misses Rupert.
Rupert is heavily wounded.
Rupert looks more healthy.
Rupert hits you with a +0 battleaxe of distortion!
Space warps horribly around you!!
* * * LOW HITPOINT WARNING * * *
You hit Rupert. You headbutt Rupert.
Rupert is heavily wounded.
Rupert hits you but does no damage. Space warps around you.
* * * LOW HITPOINT WARNING * * *
Rupert hits you with a +0 battleaxe of distortion!!!
You die...

...
#)...........##...^## .#
#............###..##
#.############ ##.# #.#
#######.# ####.####
#...)<..#
#....(..######.####### #
###.##.#.......#.###
.##.#........@...#.....#
........##...@..)#..[.[#
..#.#..<###............#
..............####.....#
....#..#.##............#
.## #..#.##.############
#.......# ........#
##.......# ........#


You could see Rupert (berserk).

Vanquished Creatures
  Erica (D:11)
  5 two-headed ogres
  Pikel (D:5)
  An orc knight (Bailey)
  2 ugly things
  A gargoyle (D:11)
  A rime drake (D:9)
  2 kobold demonologists (D:9)
  A polar bear (D:9)
  Prince Ribbit (D:7)
  4 trolls
  5 yaks
  A wraith (D:11)
  2 vampires (D:9)
  2 wyverns
  A human (D:7)
  2 water moccasins (D:7)
  Duvessa (D:7)
  3 sky beasts
  6 ice beasts
  4 orc warriors
  5 centaurs
  An ogre (D:6)
  A wolf (D:10)
  3 lemures (D:5)
  2 phantoms
  4 bullfrogs
  A gnoll sergeant (D:8)
  A kobold brigand (D:9)
  A scorpion (D:4)
  Dowan (D:7)
  3 killer bees (D:9)
  4 howler monkeys
  2 centaur zombies (Ossuary)
  3 human zombies (Ossuary)
  A jelly (D:7)
  4 orc priests
  3 hounds
  6 iguanas
  12 orc wizards
  3 mummies
  12 gnolls
  12 adders
  An ufetubus (D:5)
  An adder zombie (Ossuary)
  4 worms
  3 dart slugs
  38 orcs
  2 bats
  10 endoplasms
  4 giant cockroaches
  12 hobgoblins
  4 jackals (D:1)
  7 quokkas
  7 ball pythons
  5 frilled lizards
  10 goblins
  4 goblin zombies (Ossuary)
  10 hobgoblin zombies (Ossuary)
  9 kobolds
  10 kobold zombies (Ossuary)
  6 orc zombies (Ossuary)
  8 rats
  A rat zombie (Ossuary)
288 creatures vanquished.

Vanquished Creatures (collateral kills)
  2 gnolls (Bailey)
  An orc (Bailey)
3 creatures vanquished.

Grand Total: 291 creatures vanquished

Notes
Turn   | Place    | Note
-------+----------+-------------------------------------------
     0 | D:1      | cowcol the Minotaur Fighter began the quest for the Orb.
     0 | D:1      | Reached XP level 1. HP: 19/19 MP: 0/0
   218 | D:1      | Reached XP level 2. HP: 25/27 MP: 1/1
   645 | D:1      | Reached XP level 3. HP: 33/33 MP: 2/2
   650 | D:1      | Reached skill level 3 in Axes
  1343 | D:2      | Reached XP level 4. HP: 40/40 MP: 3/3
  1547 | D:2      | You fall into a shaft and drop 1 floor!
  1733 | D:2      | Found a faded altar of an unknown god.
  1785 | D:2      | Reached skill level 4 in Axes
  2219 | D:3      | Found Sastitra's Book Shop.
  2542 | D:4      | Reached XP level 5. HP: 42/46 MP: 4/4
  2630 | D:4      | Reached skill level 5 in Axes
  2790 | D:4      | Reached skill level 6 in Axes
  2790 | D:4      | Reached XP level 6. HP: 18/53 MP: 5/5
  3739 | D:5      | Entered Level 5 of the Dungeon
  3741 | D:5      | Identified the +1 leather armour of the Sun {*Corrode rF-
                  | rN++ SInv}
  4340 | D:5      | Reached skill level 5 in Armour
  4433 | D:5      | Reached skill level 7 in Axes
  4787 | D:5      | Noticed Pikel
  5069 | D:5      | Killed Pikel
  5070 | D:5      | Reached skill level 5 in Fighting
  5070 | D:5      | Reached skill level 9 in Axes
  5070 | D:5      | Reached XP level 7. HP: 9/61 MP: 6/6
  5498 | D:5      | Reached XP level 8. HP: 63/69 MP: 7/7
  5686 | D:5      | Found a shimmering altar of Xom.
  6192 | D:5      | Identified a scroll of acquirement
  6193 | D:5      | Acquired the +6 war axe of the Ship {heavy, rElec Int+2
                  | Dex-2}
  6241 | D:6      | Found a bloodstained altar of Trog.
  6323 | D:6      | Reached skill level 1 in Throwing
  6336 | D:6      | Reached skill level 10 in Axes
  6764 | D:6      | Reached skill level 11 in Axes
  7083 | D:7      | Found a flagged portal.
  7112 | Bailey   | Entered a bailey
  7362 | Bailey   | Noticed an orc knight
  7369 | Bailey   | Killed an orc knight
  7370 | Bailey   | Reached XP level 9. HP: 19/78 MP: 8/8
  7386 | Bailey   | Reached skill level 12 in Axes
  7859 | D:7      | Found a staircase to the Ecumenical Temple.
  7875 | Temple   | Entered the Ecumenical Temple
  7915 | Temple   | Became a worshipper of Warmaster Okawaru
  8069 | D:7      | Found a snail-covered altar of Cheibriados.
  8117 | D:7      | Found a runed translucent door.
  8123 | D:7      | Found a basalt altar of Yredelemnul.
  8410 | D:7      | Noticed Prince Ribbit
  8430 | D:7      | Killed Prince Ribbit
  8617 | D:7      | Noticed Duvessa
  8619 | D:7      | Noticed Dowan
  8623 | D:7      | Reached * piety under Okawaru
  8623 | D:7      | Killed Duvessa
  8624 | D:7      | Reached skill level 13 in Axes
  8629 | D:7      | Killed Dowan
  9277 | D:8      | Found a glowing silver altar of Zin.
  9318 | D:8      | Found a sand-covered staircase.
  9325 | Ossuary  | Entered an ossuary
  9580 | Ossuary  | Gained mutation: You expend magic power (3 MP) to
                  | strengthen your wands. [potion of mutation]
  9580 | Ossuary  | Gained mutation: Your mind is acute. (Int +4, Str/Dex -1)
                  | [potion of mutation]
  9580 | Ossuary  | Gained mutation: You have a pair of large horns on your
                  | head. [potion of mutation]
  9768 | D:8      | Reached XP level 10. HP: 58/86 MP: 9/9
 10903 | D:9      | Reached ** piety under Okawaru
 10904 | D:9      | Reached skill level 14 in Axes
 11035 | D:9      | Noticed a two-headed ogre
 11046 | D:9      | Killed a two-headed ogre
 11494 | D:9      | Found a sacrificial altar of Ru.
 11529 | D:9      | Reached skill level 15 in Axes
 11649 | D:9      | Reached *** piety under Okawaru
 11868 | D:10     | Entered Level 10 of the Dungeon
 11933 | D:10     | Noticed a two-headed ogre
 11942 | D:10     | Killed a two-headed ogre
 11943 | D:10     | Reached skill level 10 in Armour
 12019 | D:10     | Found a staircase to the Orcish Mines.
 12036 | D:10     | Noticed a white ugly thing
 12050 | D:10     | Killed a white ugly thing
 12108 | D:9      | Reached **** piety under Okawaru
 12178 | D:9      | Reached XP level 11. HP: 88/95 MP: 10/10
 12243 | D:10     | Noticed a two-headed ogre
 12255 | D:10     | Killed a two-headed ogre
 12256 | D:10     | Reached skill level 16 in Axes
 12395 | D:10     | Found a staircase to the Lair.
 12413 | D:10     | Noticed a two-headed ogre
 12418 | D:10     | Killed a two-headed ogre
 12554 | D:10     | Found a sparkling altar of Nemelex Xobeh.
 12689 | D:10     | Reached ***** piety under Okawaru
 13326 | D:11     | Noticed Erica
 13332 | D:11     | Killed Erica
 13394 | D:11     | Identified the +2 battleaxe of Zoir {antimagic, Dex+3}
                  | (Okawaru gifted it to you on level 11 of the Dungeon)
 13394 | D:11     | Received a gift from Okawaru
 13395 | D:11     | Reached skill level 17 in Axes
 13848 | D:11     | Identified the +11 plate armour "Delehufuu" {rC+++ Will-
                  | Int+4 Stlth-}
 14076 | D:11     | Noticed a brown ugly thing
 14086 | D:11     | Killed a brown ugly thing
 14680 | D:12     | Noticed Rupert
 14680 | D:12     | Noticed a two-headed ogre
 14683 | D:12     | Paralysed by Rupert for 4 turns
 15214 | D:12     | Killed a two-headed ogre
 15235 | D:12     | Annihilated by Rupert

Illustrated notes

Levels and vault maps discovered:
D:1:      saegor_arrival_fortress, layout_basic, serial_aquarium,
          aquarium_bridge_long_joined [aquarium_subvault_wall,
          aquarium_subvault_wall, aquarium_subvault_window,
          aquarium_subvault_bridge, aquarium_subvault_window,
          aquarium_subvault_bridge], aquarium_bridge_square
          [aquarium_subvault_wall, aquarium_subvault_wall,
          aquarium_subvault_bridge, aquarium_subvault_wall],
          aquarium_window_fake, aquarium_window_corner, aquarium_window_3,
          aquarium_view_2e, aquarium_view_2f, aquarium_pool_five,
          minmay_hexomino_c4
D:2:      layout_loops_cross, shapermc_ecumenical_altar_mp_vishouse
D:3:      layout_rooms, serial_shops, nicolae_shop_window_shopping,
          ebering_dispersal_statue_hall
D:4:      layout_rooms
D:5:      layout_basic, lemuel_tele_altar, uniq_pikel
D:6:      nicolae_cairo_tiling_large, layout_basic,
          mainiacjoe_overflow_small_starburst, serial_park_tiny_1
D:7:      layout_layer_cave, dk_yredelemnul_ordeal,
          nicolae_overflow_crystal_walls, minmay_temple_entry_hall,
          enter_bailey_7, uniq_prince_ribbit1, uniq_duvessa
D:8:      layout_loops_cross, zin_statuary, gup_ossuary_entry_pyramid,
          hangedman_decor_points
D:9:      layout_irregular_city, nicolae_ru_great_annihilating_truth
D:10:     layout_rooms, nemelex_spade_bored_becter, hellmonk_lair_entry_icy,
          orc_0_dummy, serial_curves, eino_curves_01, eino_curves_01,
          eino_curves_01, nrook_campfire
D:11:     layout_layer_cave, uniq_erica
D:12:     layout_loops_cross, uniq_rupert
Temple:   eino_wide_crystal_templ

Skill      XL: |  1  2  3  4  5  6  7  8  9 10 11 |
---------------+----------------------------------+-----
Shields        | 4 |  4.0
Fighting       | 4 5 6 7 8 9 |  9.8
Armour         | 4 5 6 7 9 10 11 | 11.4
Axes           | 3 4 6 9 11 13 15 17 | 17.3
Throwing       | 1 |  1.0

Action                     |  1- 3 |  4- 6 |  7- 9 | 10-12 || total
---------------------------+-------+-------+-------+-------++-------
  Melee: War axe           |    79 |   197 |   189 |   130 ||   595
         Headbutt          |    11 |    38 |    20 |    24 ||    93
         Battleaxe         |       |       |       |    28 ||    28
  Throw: Dart              |     5 |     4 |     2 |    12 ||    23
 Invoke: Heroism           |       |       |       |     1 ||     1
    Use: Scroll            |     4 |     5 |     6 |     5 ||    20
         Potion            |       |     3 |     3 |     2 ||     8
 Armour: Scale mail        |    39 |    75 |     2 |       ||   116
         Skin              |       |     5 |       |       ||     5
         Chain mail        |       |       |    93 |    31 ||   124
         Plate armour      |       |       |       |    57 ||    57
  Dodge: Dodged            |    39 |    61 |    61 |    57 ||   218
  Block: Buckler           |    15 |       |       |       ||    15
         Kite shield       |     2 |    73 |   104 |    72 ||   251
